AoeStats
← Gir The Reaper

Arena

510246074Analyzed
3v3 RM · 22h ago on Sep 30, 2026· 29m 32s· 6 players
Game mode
Random Map
Map size
Normal (6 player)
Population
200
Speed
Normal
Resources
Standard
Victory
Conquest
Starting age
Dark Age
Ending age
Imperial Age
RankedLock teamsTeams togetherTeam positionsShared explorationLock speedFull tech treeHidden civsTurbo modeCheats
Victory
Defeat
🇨🇴 Huns · Colombia
1112
+11
🇨🇴 Bohemians · Colombia
1050
+14
🇨🇴 Wei · Colombia
1044
+14
🇲🇽 Inca · Mexico
1054
-15
🇺🇸 Byzantines · United States
1001
-37
🇵🇪 Danes · Peru
957
-11
Gir The Reaper
11:17 Feudal Age
10:05 Loom
13:03 Double-Bit Axe
19:17 Castle Age
20:08 Bow Saw
20:33 Forging
21:59 Husbandry
27:11 Iron Casting
xHUNTERxUnivers
10:23 Feudal Age
9:26 Loom
15:09 Castle Age
13:47 Double-Bit Axe
15:26 Wheelbarrow
14:44 Horse Collar
18:33 Bow Saw
18:57 Gold Mining
24:50 Squires
25:27 Stone Mining
27:08 Pikeman
All Might
3:56 Loom
12:00 Feudal Age
12:35 Double-Bit Axe
17:43 Castle Age
17:15 Stone Mining
19:54 Scale Barding Armor
20:17 Horse Collar
25:45 Squires
25:51 Scale Mail Armor
26:57 Bow Saw
zFox1982
12:33 Feudal Age
16:49 Castle Age
14:49 Horse Collar
15:20 Double-Bit Axe
21:21 Imperial Age
20:46 Chemistry
20:08 Fervor
20:52 Bow Saw
21:25 Heavy Plow
26:20 Loom
26:47 Padded Archer Armor
29:21 Leather Archer Armor
johnhembert
12:15 Feudal Age
15:49 Castle Age
13:49 Double-Bit Axe
15:58 Horse Collar
20:20 Loom
21:51 Fletching
23:30 Gold Mining
24:37 Bow Saw
24:49 Stone Mining
26:04 Heavy Plow
27:11 Wheelbarrow
27:14 Bodkin Arrow
28:33 Hand Cart
28:52 Forging
28:48 Scale Barding Armor
29:31 Gold Shaft Mining
29:41 Tuntian
29:30 Arson
29:46 Squires
30:13 Bloodlines
30:08 Husbandry
chomisplate
10:01 Feudal Age
11:20 Loom
12:02 Forging
14:09 Castle Age
13:36 Double-Bit Axe
18:10 Horse Collar
22:36 Forging
22:44 Gold Mining
25:00 Iron Casting
25:10 Scale Barding Armor
26:32 Fletching
30:10 Ballistics
Connection lost

Rejoining the realm…

Still unreachable

The connection could not be restored.

Session expired

The server has moved on; the page needs a fresh start.